[Event "ICC tourney 2487 (120 10)"]
[Site "Internet Chess Club"]
[Date "2021.04.02"]
[Round "1"]
[White "ZHU, FLORINA:Florina12345"]
[Black "WANG, YUANZHE:yogokings12"]
[Result "1/2-1/2"]
[ICCResult "Game drawn because neither player has mating material"]
[WhiteElo "1423"]
[BlackElo "1592"]
[Opening "Caro-Kann: classical, Spassky variation"]
[ECO "B19"]
[NIC "CK.12"]
[Time "11:02:44"]
[PlyCount "117"]
[TimeControl "7200+10"]

1. e4 c6 2. d4 d5 3. Nc3 dxe4 4. Nxe4 Bf5 5. Ng3 Bg6 6. h4 h6 7. Nf3 Nd7 8.
h5 Bh7 9. Bd3 Bxd3 10. Qxd3 Ngf6 11. Bd2 e6 12. O-O-O Qc7 13. Ne4 Nxe4 14.
Qxe4 Nf6 15. Qe2 O-O-O 16. Kb1 Bd6 17. c4 Bf4 18. Bxf4 Qxf4 19. Ne5 Rhf8
20. Qd2 Qxd2 21. Rxd2 Ne4 22. Re2 Rxd4 23. Kc2 Nc5 24. Kc3 Re4 25. Rxe4
Nxe4+ 26. Kd4 Nd6 27. g4 Rd8 28. Ke3 f6 29. c5 fxe5 30. cxd6 Rxd6 31. Ke4
Rd5 32. Rg1 Kd7 33. g5 Kd6 34. gxh6 Rd4+ 35. Ke3 gxh6 36. Rg6 Rh4 37. Rxh6
Rh3+ 38. Ke2 b5 39. Rh8 Ke7 40. h6 Kf6 41. Rh7 a5 42. Rc7 Rxh6 43. Rxc6 Rh4
44. a3 Rc4 45. Rxc4 bxc4 46. Kd2 Kf5 47. Kc3 Kf4 48. Kxc4 Kf3 49. b4 axb4
50. axb4 Kxf2 51. Kd3 Kf3 52. Kd2 Kf2 53. Kd3 Kf3 54. Kd2 Ke4 55. b5 Kd5
56. Ke3 Kc5 57. Ke4 Kxb5 58. Kxe5 Kc6 59. Kxe6 { Game drawn because neither
player has mating material } 1/2-1/2

[Event "ICC tourney 2487 (120 10)"]
[Site "Internet Chess Club"]
[Date "2021.04.02"]
[Round "1"]
[White "JACKSON, MASSIMO MATEO:Yeetamus123"]
[Black "DANIELS, QUINTON:QuintonDaniels"]
[Result "0-1"]
[ICCResult "White checkmated"]
[WhiteElo "1305"]
[BlackElo "1430"]
[Opening "Sicilian: closed, 2...Nc6"]
[ECO "B23"]
[NIC "SI.44"]
[Time "11:02:43"]
[PlyCount "94"]
[TimeControl "7200+10"]

1. e4 c5 2. Nc3 Nc6 3. Bb5 g6 4. Bxc6 dxc6 5. f4 Bg7 6. Nf3 Nf6 7. O-O O-O
8. d3 Qc7 9. Qe1 b6 10. e5 Nd5 11. Ne4 f6 12. c4 Nb4 13. Qc3 Rd8 14. d4 a5
15. Be3 cxd4 16. Nxd4 fxe5 17. fxe5 Bxe5 18. Rfd1 Bg4 19. Qe1 Bxd4 20. Bxd4
Bxd1 21. Rxd1 Nc2 22. Qc3 Nxd4 23. Rxd4 Rxd4 24. Qxd4 Rd8 25. Qe3 Qe5 26.
Qf3 Qd4+ 27. Nf2 Qxb2 28. g3 Qc1+ 29. Kg2 Qxc4 30. Ne4 Qxa2+ 31. Kh3 Qd5
32. Qg4 Qh5+ 33. Qxh5 gxh5 34. Kh4 a4 35. Kxh5 a3 36. Nc3 Rd3 37. Na2 Rd2
38. Nb4 a2 39. Nxc6 a1=Q 40. Nxe7+ Kf7 41. Nf5 Rxh2+ 42. Kg4 Qa4+ 43. Kg5
h6+ 44. Nxh6+ Rxh6 45. Kxh6 Qg4 46. Kh7 Qg6+ 47. Kh8 Qg8# { White
checkmated } 0-1

[Event "ICC tourney 2487 (120 10)"]
[Site "Internet Chess Club"]
[Date "2021.04.02"]
[Round "1"]
[White "Coffey, Damon L:clammer"]
[Black "Kannan, Aadhi M:niftyfountain"]
[Result "0-1"]
[ICCResult "White resigns"]
[WhiteElo "1457"]
[BlackElo "1334"]
[Opening "Sicilian"]
[ECO "B50"]
[NIC "SI.01"]
[Time "11:03:05"]
[PlyCount "60"]
[TimeControl "7200+10"]

1. e4 c5 2. Nf3 d6 3. Bc4 Nf6 4. d3 Nc6 5. O-O e6 6. Nc3 Be7 7. Bd2 O-O 8.
a3 a6 9. Ba2 b5 10. Ne2 Bb7 11. b4 cxb4 12. axb4 Qc7 13. Rc1 d5 14. Bf4 Qd8
15. c3 dxe4 16. dxe4 Nxe4 17. Qxd8 Rfxd8 18. Bb1 Nf6 19. Ng5 h6 20. Nf3 Bd6
21. Bxd6 Rxd6 22. Ned4 Nxd4 23. Nxd4 Be4 24. f3 Bxb1 25. Rxb1 Rc8 26. Rfc1
Nd5 27. Rb3 Nf6 28. Rbb1 Nd5 29. Rb3 Nf4 30. Rc2 Rxd4 { White resigns } 0-1

[Event "ICC tourney 2487 (120 10)"]
[Site "Internet Chess Club"]
[Date "2021.04.02"]
[Round "1"]
[White "GILLMAN, JONES:JonesGill"]
[Black "MAKODE, ATHARVA:atharvamchess"]
[Result "1/2-1/2"]
[ICCResult "Game drawn by mutual agreement"]
[WhiteElo "1387"]
[BlackElo "1498"]
[Opening "Scotch gambit: Dubois-Réti defense"]
[ECO "C55"]
[NIC "KP.02"]
[Time "11:02:53"]
[PlyCount "198"]
[TimeControl "7200+10"]

1. e4 e5 2. Nf3 Nc6 3. d4 exd4 4. Bc4 Nf6 5. e5 d5 6. Bb5 Ne4 7. Nxd4 Bd7
8. Bxc6 Bxc6 9. Nxc6 bxc6 10. f3 Qh4+ 11. g3 Nxg3 12. hxg3 Qxh1+ 13. Ke2
Qxd1+ 14. Kxd1 Bc5 15. Nc3 Bf2 16. Bf4 g5 17. Bxg5 Bxg3 18. Bf6 Rg8 19. Ke2
Kd7 20. Na4 Rae8 21. Nc5+ Kc8 22. Nd3 Rg6 23. Kd2 h5 24. Rh1 Rh6 25. Bg5
Rh7 26. f4 h4 27. Ke2 h3 28. Kf3 Bh4 29. Rxh3 Reh8 30. Kg4 Bxg5 31. Rxh7
Rxh7 32. Kxg5 Kd7 33. f5 Rh2 34. Kf6 Rxc2 35. Kxf7 Re2 36. e6+ Kd6 37. Nf4
Rf2 38. e7 Rxf4 39. e8=Q Rxf5+ 40. Kg6 Re5 41. Qf8+ Kd7 42. Kf6 Re2 43.
Qf7+ Kc8 44. Qf8+ Kb7 45. Qb4+ Kc8 46. a3 Re4 47. Qc5 Kb7 48. b4 Rc4 49.
Qe3 Re4 50. Qd3 a6 51. Qc3 Rc4 52. Qb3 Re4 53. Kf5 Kb6 54. Qa4 Re2 55. Qa5+
Kb7 56. Qc5 Re8 57. a4 Rd8 58. Qe7 Rd6 59. Qe2 Kb6 60. Ke5 d4 61. Qd3 Rd5+
62. Ke4 Kb7 63. Kf3 Kb6 64. Ke2 Re5+ 65. Kd2 Rd5 66. Qg6 Rd6 67. Qe8 Kb7
68. Kd3 Rd5 69. Qf7 Rd6 70. Qc4 Rd5 71. b5 axb5 72. axb5 Rd6 73. bxc6+ Rxc6
74. Qb5+ Rb6 75. Qd5+ Kc8 76. Qg8+ Kd7 77. Kxd4 Rd6+ 78. Ke5 Rb6 79. Qf7+
Kc8 80. Qe8+ Kb7 81. Kd5 Rd6+ 82. Kc5 Rb6 83. Qe4+ Kc8 84. Qa4 Kb7 85. Qd7
Rd6 86. Qe8 Rb6 87. Qe7 Rd6 88. Qe4+ Kc8 89. Qa8+ Kd7 90. Qb7 Rb6 91. Qa7
Rd6 92. Qa4+ Kc8 93. Qg4+ Kb7 94. Kb5 Rb6+ 95. Kc5 Rd6 96. Qb4+ Kc8 97. Qa5
Kd7 98. Qb5+ Kc8 99. Qe8+ Kb7 { Game drawn by mutual agreement } 1/2-1/2

[Event "ICC tourney 2487 (120 10)"]
[Site "Internet Chess Club"]
[Date "2021.04.02"]
[Round "1"]
[White "GUPTA, GAURAV KUMAR:gauravgupta"]
[Black "WAKIDA, KEN:Yamato1945"]
[Result "0-1"]
[ICCResult "White checkmated"]
[WhiteElo "1320"]
[BlackElo "1439"]
[Opening "Caro-Kann: Panov-Botvinnik attack"]
[ECO "B13"]
[NIC "CK.03"]
[Time "11:02:47"]
[PlyCount "144"]
[TimeControl "7200+10"]

1. e4 c6 2. d4 d5 3. exd5 cxd5 4. c4 Nf6 5. Nc3 Nc6 6. cxd5 Nxd5 7. Bc4 Nb6
8. Bb5 a6 9. Bxc6+ bxc6 10. h3 Bf5 11. Nf3 e6 12. Bf4 Nd5 13. Nxd5 exd5 14.
O-O Be7 15. Ne5 Qb6 16. Qa4 Rc8 17. Rac1 O-O 18. Nxc6 Bf6 19. b3 Bd3 20.
Qb4 Rxc6 21. Qxb6 Rxb6 22. Rfd1 Be4 23. Rc5 Be7 24. Rc7 Bd6 25. Bxd6 Rxd6
26. f3 Bf5 27. b4 h6 28. Kf2 Re8 29. a3 Rde6 30. Rd2 Re3 31. Rc5 Rxa3 32.
Rxd5 Be6 33. Ra5 Rxa5 34. bxa5 Rd8 35. Ke3 Rd5 36. Ke4 f5+ 37. Kf4 g5+ 38.
Ke3 Rxa5 39. g4 f4+ 40. Ke4 Bd5+ 41. Ke5 Bxf3+ 42. Kd6 Bd5 43. Re2 Kf7 44.
Re5 f3 45. Rf5+ Kg6 46. Ke7 Rb5 47. Rf6+ Kg7 48. Rxa6 f2 49. Ra1 Bg2 50. d5
Rxd5 51. h4 f1=Q 52. Rxf1 Bxf1 53. h5 Re5+ 54. Kd6 Kf6 55. Kd7 Rd5+ 56. Kc6
Ke6 57. Kc7 Ke7 58. Kc6 Bg2 59. Kb6 Kd6 60. Kb7 Rc5+ 61. Kb6 Rc1 62. Kb5
Bf1+ 63. Kb4 Rc4+ 64. Kb5 Rxg4+ 65. Ka5 Rh4 66. Kb6 g4 67. Ka5 g3 68. Kb6
g2 69. Ka5 Bb5 70. Kb6 g1=Q+ 71. Ka5 Qa1+ 72. Kb6 Qa6# { White checkmated }
0-1

[Event "ICC tourney 2487 (120 10)"]
[Site "Internet Chess Club"]
[Date "2021.04.02"]
[Round "1"]
[White "CHUDNOVSKY, MICHELLE:ChunkyApple"]
[Black "MYADAM, TANISHQ ARYAN:tanishqchess"]
[Result "0-1"]
[ICCResult "White checkmated"]
[WhiteElo "1351"]
[BlackElo "1488"]
[Opening "Giuoco Pianissimo"]
[ECO "C55"]
[NIC "IG.01"]
[Time "11:02:47"]
[PlyCount "66"]
[TimeControl "7200+10"]

1. e4 e5 2. Nf3 Nc6 3. Bc4 Nf6 4. d3 Bc5 5. Bg5 h6 6. Bh4 d6 7. h3 O-O 8.
Nc3 Be6 9. Bxe6 fxe6 10. a3 d5 11. Bxf6 Rxf6 12. O-O d4 13. Ne2 Qd7 14. Ng3
Raf8 15. b4 Bd6 16. Nh2 Qf7 17. Ng4 Rg6 18. f3 a6 19. h4 Be7 20. h5 Rg5 21.
Kh2 Rxh5+ 22. Nxh5 Qxh5+ 23. Kg1 Bh4 24. Nf2 Bg3 25. Nh3 Ne7 26. Qd2 Ng6
27. Rfb1 Nf4 28. a4 Nxh3+ 29. gxh3 Rxf3 30. Qg2 Bf4 31. Qe2 Be3+ 32. Kh1
Rxh3+ 33. Qh2 Qf3# { White checkmated } 0-1

[Event "ICC tourney 2487 (120 10)"]
[Site "Internet Chess Club"]
[Date "2021.04.02"]
[Round "1"]
[White "GARCIA, CARLOS:cayo89"]
[Black "HURST, CALVIN J:TheJaguar2"]
[Result "1-0"]
[ICCResult "Black resigns"]
[WhiteElo "1499"]
[BlackElo "1405"]
[Opening "Queen's pawn: London system"]
[ECO "A45"]
[NIC "QP.07"]
[Time "11:02:57"]
[PlyCount "91"]
[TimeControl "7200+10"]

1. d4 Nf6 2. Bf4 d5 3. e3 e6 4. Nd2 c5 5. c3 Nc6 6. Bd3 Bd6 7. Bxd6 Qxd6 8.
f4 cxd4 9. cxd4 Bd7 10. Ngf3 Ng4 11. Qe2 Nb4 12. O-O Nxd3 13. Qxd3 a6 14.
Rfc1 Bb5 15. Qc3 O-O 16. h3 Nh6 17. g4 f6 18. Qc5 Nf7 19. a4 Bc6 20. Nb3
Rac8 21. Qxd6 Nxd6 22. Nc5 Nc4 23. b3 Nd6 24. Nd2 Rce8 25. Nxa6 e5 26. Nb4
exd4 27. exd4 Ne4 28. Nf3 Ng3 29. Rc5 Ne2+ 30. Kf1 Nxf4 31. Nxc6 bxc6 32.
Rxc6 Re3 33. Ng1 Rxb3 34. a5 Ra8 35. a6 Ra7 36. Rc5 Rd3 37. Rb5 Rxd4 38.
Rb7 Ra8 39. a7 Rc4 40. Rb8+ Rc8 41. Rxc8+ Rxc8 42. a8=Q Rxa8 43. Rxa8+ Kf7
44. Kf2 Kg6 45. Ra7 h6 46. Rd7 { Black resigns } 1-0

[Event "ICC tourney 2487 (120 10)"]
[Site "Internet Chess Club"]
[Date "2021.04.02"]
[Round "1"]
[White "DALEY, EDWARD L:GoIrish"]
[Black "KUNAPULI, SIDDARTH SRIADITYA:siddarth1"]
[Result "1-0"]
[ICCResult "Black resigns"]
[WhiteElo "1418"]
[BlackElo "1510"]
[Opening "Réti: King's Indian attack (Barcza system)"]
[ECO "A07"]
[NIC "QP.09"]
[Time "11:02:45"]
[PlyCount "100"]
[TimeControl "7200+10"]

1. Nf3 d5 2. g3 Nf6 3. Bg2 e6 4. O-O Be7 5. d3 O-O 6. Nbd2 c5 7. e4 Nc6 8.
e5 Nd7 9. Re1 a6 10. Nf1 b5 11. h4 Bb7 12. N1h2 c4 13. d4 b4 14. c3 a5 15.
h5 a4 16. Ng4 a3 17. h6 g6 18. bxa3 bxc3 19. Re3 Bxa3 20. Rxc3 Bxc1 21.
Rcxc1 Nb4 22. Rcb1 Nxa2 23. Rxb7 Nc3 24. Qe1 Rxa1 25. Qxa1 Ne4 26. Ne1 Nb8
27. Bxe4 dxe4 28. Nf6+ Kh8 29. Nxe4 Re8 30. Rxf7 Re7 31. Rxe7 Qxe7 32. Nd6
Qc7 33. Qa4 Qc6 34. Qxc4 Qxc4 35. Nxc4 Nc6 36. Nc2 Nd8 37. f4 Nf7 38. Nd6
Nxh6 39. Ne3 Kg8 40. d5 exd5 41. Nxd5 Nf7 42. Nf6+ Kg7 43. Nxf7 Kxf7 44.
Nxh7 Ke6 45. Ng5+ Kf5 46. Kf2 Kg4 47. e6 Kf5 48. e7 Kg4 49. e8=Q Kh5 50. f5
Kg4 { Black resigns } 1-0

[Event "ICC tourney 2487 (120 10)"]
[Site "Internet Chess Club"]
[Date "2021.04.02"]
[Round "1"]
[White "KRYLOV, RATISLAV:RatislavK"]
[Black "GIRISH, NIYATHI:missqueen"]
[Result "1/2-1/2"]
[ICCResult "Game drawn by mutual agreement"]
[WhiteElo "1489"]
[BlackElo "1382"]
[Opening "Queen's pawn game, Darooha variation "]
[ECO "D02"]
[NIC "QP.06"]
[Time "11:03:39"]
[PlyCount "74"]
[TimeControl "7200+10"]

1. Nf3 Nf6 2. d4 d5 3. g3 e6 4. Bg2 b6 5. c4 c5 6. cxd5 Qxd5 7. Nc3 Qd6 8.
Bf4 Qd8 9. Nh4 Nd5 10. Nxd5 exd5 11. dxc5 Bb7 12. Bxb8 Rxb8 13. Qa4+ Qd7
14. Qxd7+ Kxd7 15. cxb6 axb6 16. Nf5 Bb4+ 17. Kf1 g6 18. Ne3 Ke6 19. Nc2
Be7 20. e3 Bf6 21. Nd4+ Kd6 22. Ke2 Rhe8 23. Kd2 Ba6 24. Rac1 Bxd4 25. exd4
Re2+ 26. Kc3 Rxf2 27. Bh3 f5 28. a4 Rc8+ 29. Kb3 Bc4+ 30. Ka3 Ra8 31. b3
Rf3 32. Rb1 b5 33. Kb4 Bd3 34. Rb2 bxa4 35. Re1 axb3 36. Bg2 Rb8+ 37. Ka5
Rf2 { Game drawn by mutual agreement } 1/2-1/2

[Event "ICC tourney 2487 (120 10)"]
[Site "Internet Chess Club"]
[Date "2021.04.02"]
[Round "1"]
[White "SULTAN, BASHIR Cisse:muzikmixer"]
[Black "XIE, CHARLES:charlestxie"]
[Result "1/2-1/2"]
[ICCResult "Game drawn by mutual agreement"]
[WhiteElo "1526"]
[BlackElo "1420"]
[Opening "English opening"]
[ECO "A13"]
[NIC "EO.64"]
[Time "11:02:59"]
[PlyCount "82"]
[TimeControl "7200+10"]

1. c4 e6 2. Nf3 Nf6 3. e3 d5 4. Be2 Bd6 5. Nc3 c6 6. d4 O-O 7. Qc2 dxc4 8.
Bxc4 b5 9. Bd3 Re8 10. O-O Bb7 11. Ne5 Nbd7 12. f4 h6 13. Ne4 Qc7 14. Nxd7
Nxd7 15. Nxd6 Qxd6 16. Be4 f5 17. Bf3 Nf6 18. Bd2 Rac8 19. Rfc1 Nd5 20. Qc5
Qxc5 21. Rxc5 Kf7 22. Kf2 Ke7 23. a3 Kd7 24. Bb4 Nxb4 25. axb4 a6 26. Rcc1
g5 27. g3 g4 28. Bg2 h5 29. h3 Rh8 30. hxg4 hxg4 31. Rh1 Rxh1 32. Rxh1 Re8
33. Rh5 Kd6 34. Rh7 Re7 35. Rh6 Kd7 36. e4 Rf7 37. exf5 exf5 38. Bf1 Kc7
39. Bg2 Kd7 40. Ke3 Kc7 41. Bh1 Kd7 { Game drawn by mutual agreement }
1/2-1/2

[Event "ICC tourney 2487 (120 10)"]
[Site "Internet Chess Club"]
[Date "2021.04.02"]
[Round "2"]
[White "MYADAM, TANISHQ ARYAN:tanishqchess"]
[Black "DALEY, EDWARD L:GoIrish"]
[Result "1-0"]
[ICCResult "Black resigns"]
[WhiteElo "1488"]
[BlackElo "1418"]
[Opening "French: Paulsen variation"]
[ECO "C10"]
[NIC "FR.04"]
[Time "16:16:16"]
[PlyCount "49"]
[TimeControl "7200+10"]

1. e4 e6 2. d4 d5 3. Nc3 Nc6 4. e5 f6 5. Bb5 Bd7 6. Nf3 fxe5 7. dxe5 Nge7
8. O-O Ng6 9. Re1 Bb4 10. a3 Be7 11. Bd3 Nh4 12. Nxh4 Bxh4 13. g3 Be7 14.
Qh5+ Kf8 15. Bxh7 Be8 16. Qf3+ Bf7 17. Bg6 Qe8 18. Nxd5 Nxe5 19. Rxe5 exd5
20. Bg5 Rd8 21. Rae1 Rd7 22. Rxe7 Rxe7 23. Bxe7+ Qxe7 24. Rxe7 Kxe7 25.
Qxf7+ { Black resigns } 1-0

[Event "ICC tourney 2487 (120 10)"]
[Site "Internet Chess Club"]
[Date "2021.04.02"]
[Round "2"]
[White "XIE, CHARLES:charlestxie"]
[Black "Erdos, Tamas:erdostom"]
[Result "1-0"]
[ICCResult "Black resigns"]
[WhiteElo "1420"]
[BlackElo "1500"]
[Opening "King's Indian: Makagonov system (5.h3)"]
[ECO "E71"]
[NIC "KI.20"]
[Time "16:16:14"]
[PlyCount "71"]
[TimeControl "7200+10"]

1. d4 Nf6 2. c4 g6 3. Nc3 Bg7 4. e4 d6 5. h3 O-O 6. Nf3 Nbd7 7. Be3 Re8 8.
Bd3 e5 9. d5 c6 10. Rc1 Nc5 11. Bxc5 dxc5 12. dxc6 b6 13. Nd5 h6 14. Qa4
Re6 15. Rd1 Qd6 16. Bc2 Nxd5 17. cxd5 Re7 18. Nd2 Rb8 19. Nc4 b5 20. Nxd6
bxa4 21. Nxc8 Rxc8 22. d6 Re6 23. d7 Rexc6 24. d8=Q+ Rxd8 25. Rxd8+ Kh7 26.
Bxa4 Rb6 27. b3 Bf6 28. Rd7 c4 29. Rxf7+ Kg8 30. Rxa7 Bg5 31. bxc4 Rb1+ 32.
Bd1 Bc1 33. O-O Rb2 34. Bb3 Bd2 35. c5+ Kf8 36. c6 { Black resigns } 1-0

[Event "ICC tourney 2487 (120 10)"]
[Site "Internet Chess Club"]
[Date "2021.04.02"]
[Round "2"]
[White "WAKIDA, KEN:Yamato1945"]
[Black "Kannan, Aadhi M:niftyfountain"]
[Result "1-0"]
[ICCResult "Black checkmated"]
[WhiteElo "1439"]
[BlackElo "1334"]
[Opening "QGD: exchange, positional line, 5...c6"]
[ECO "D35"]
[NIC "QO.16"]
[Time "16:16:15"]
[PlyCount "101"]
[TimeControl "7200+10"]

1. d4 d5 2. c4 e6 3. Nc3 Nf6 4. cxd5 exd5 5. Bg5 c6 6. e3 Bf5 7. Bd3 Bxd3
8. Qxd3 Nbd7 9. Nf3 Bb4 10. O-O O-O 11. a3 Ba5 12. b4 Bc7 13. Rac1 h6 14.
Bh4 Bd6 15. Na4 Re8 16. Nc5 Nxc5 17. dxc5 Be7 18. Rfd1 Ne4 19. Bxe7 Qxe7
20. Nd4 Qf6 21. Qc2 Ng5 22. b5 Ne6 23. Nf5 Reb8 24. a4 Kh8 25. Nd6 Nc7 26.
e4 dxe4 27. Qxe4 cxb5 28. axb5 Qe6 29. Qf3 Kg8 30. b6 axb6 31. cxb6 Ne8 32.
Nxb7 Qe7 33. Nc5 Ra5 34. Nd7 Rd8 35. b7 Rb5 36. b8=Q Rdxb8 37. Nxb8 Rxb8
38. Re1 Qf8 39. h3 Nf6 40. Qg3 g6 41. h4 h5 42. Rc6 Ng4 43. f3 Nh6 44. Re5
Rb1+ 45. Kh2 Qa8 46. Rxg6+ fxg6 47. Qxg6+ Kf8 48. Qxh6+ Kg8 49. Rg5+ Kf7
50. Rg7+ Ke8 51. Qh8# { Black checkmated } 1-0

[Event "ICC tourney 2487 (120 10)"]
[Site "Internet Chess Club"]
[Date "2021.04.02"]
[Round "2"]
[White "PRASANNA, KEVIN FRANCO:Kfprasanna"]
[Black "BURRE, SRINIVAS:sburreus09"]
[Result "1-0"]
[ICCResult "Black checkmated"]
[WhiteElo "1306"]
[BlackElo "1545"]
[Opening "King's knight opening"]
[ECO "C40"]
[NIC "KP.10"]
[Time "16:16:43"]
[PlyCount "113"]
[TimeControl "7200+10"]

1. e4 e5 2. Nf3 Bc5 3. Nxe5 Qe7 4. d4 Bb6 5. Bc4 d5 6. Bxd5 Be6 7. Bxb7 Nd7
8. Bxa8 Nxe5 9. dxe5 Qc5 10. Be3 Qb4+ 11. c3 Qxb2 12. Bc6+ Ke7 13. Bxb6
axb6 14. Nd2 Nh6 15. O-O Rd8 16. Rb1 Qxa2 17. Bd5 Bxd5 18. Ra1 Qb2 19. exd5
Rxd5 20. Nc4 Qb5 21. Qa4 Qxa4 22. Rxa4 b5 23. Ne3 Rxe5 24. Rd4 c6 25. Rfd1
g6 26. Ng4 Nxg4 27. Rxg4 c5 28. c4 b4 29. Rg3 h5 30. Re3 Rxe3 31. fxe3 b3
32. Rb1 Kd6 33. Rxb3 Ke5 34. Rb6 Ke4 35. Rc6 Kxe3 36. Rxc5 Kd4 37. Rc7 f5
38. Rc6 g5 39. Rg6 g4 40. Rg5 Kxc4 41. Rxf5 h4 42. Rg5 g3 43. hxg3 hxg3 44.
Rxg3 Kd4 45. Rh3 Ke4 46. Kf2 Kf4 47. Rh4+ Kg5 48. Kg3 Kg6 49. Kf4 Kf6 50.
Rh6+ Kg7 51. Kg5 Kf7 52. Kf5 Kg7 53. Rf6 Kh7 54. Rg6 Kh8 55. Kf6 Kh7 56.
Kf7 Kh8 57. Rh6# { Black checkmated } 1-0

[Event "ICC tourney 2487 (120 10)"]
[Site "Internet Chess Club"]
[Date "2021.04.02"]
[Round "2"]
[White "KESKI, KAYA:trickycreeper"]
[Black "GILLMAN, JONES:JonesGill"]
[Result "1-0"]
[ICCResult "Black resigns"]
[WhiteElo "1490"]
[BlackElo "1387"]
[Opening "Queen's pawn game"]
[ECO "D00"]
[NIC "QP.08"]
[Time "16:16:14"]
[PlyCount "71"]
[TimeControl "7200+10"]

1. d4 d5 2. e3 Nf6 3. f4 Bf5 4. Nf3 c6 5. Bd3 e6 6. O-O Nbd7 7. Nbd2 Bd6 8.
c3 O-O 9. Qe2 a5 10. Ne5 h6 11. e4 Bh7 12. Nxd7 Nxd7 13. e5 Bc7 14. Bxh7+
Kxh7 15. f5 Bb6 16. f6 g6 17. Kh1 Rh8 18. Rf3 Kg8 19. Rh3 Qf8 20. Nf3 c5
21. Be3 cxd4 22. cxd4 Rc8 23. Qd2 h5 24. Qf2 Rc6 25. g4 Qb4 26. gxh5 Kf8
27. Rg1 gxh5 28. Rhg3 Ke8 29. Rg8+ Rxg8 30. Rxg8+ Nf8 31. Bh6 Kd7 32. Rxf8
Kc7 33. Rxf7+ Kb8 34. Re7 Ka7 35. f7 Qxe7 36. f8=Q { Black resigns } 1-0

[Event "ICC tourney 2487 (120 10)"]
[Site "Internet Chess Club"]
[Date "2021.04.02"]
[Round "2"]
[White "WANG, YUANZHE:yogokings12"]
[Black "ZHUGE, KATHERINE:FlowingMelody"]
[Result "1-0"]
[ICCResult "Black checkmated"]
[WhiteElo "1592"]
[BlackElo "1428"]
[Opening "KGA: bishop's gambit"]
[ECO "C33"]
[NIC "KG.03"]
[Time "16:16:15"]
[PlyCount "113"]
[TimeControl "7200+10"]

1. e4 e5 2. f4 exf4 3. Bc4 Qh4+ 4. Kf1 Nf6 5. Nf3 Qh5 6. Nc3 Bb4 7. e5 Ng4
8. Nd5 Ba5 9. Nxf4 Qh6 10. d4 Qc6 11. Qe2 O-O 12. h3 Nh6 13. Bb5 Qb6 14.
Nd5 Qe6 15. Bc4 Nf5 16. Nf6+ Qxf6 17. exf6 Ng3+ 18. Kf2 Nxe2 19. fxg7 Re8
20. Bxe2 Kxg7 21. Bf4 Nc6 22. c3 d6 23. Bd3 Bd7 24. Rhe1 Rxe1 25. Rxe1 Re8
26. Rxe8 Bxe8 27. Bb5 Bd7 28. a4 Nb8 29. Bxd7 Nxd7 30. b4 Nb6 31. bxa5 Nxa4
32. Bd2 Nb2 33. Ke2 Nc4 34. Kd3 Nxa5 35. c4 Nc6 36. d5 Ne7 37. Nd4 a6 38.
Ba5 b6 39. Bc3 a5 40. Nb5+ Kg6 41. Nxc7 f5 42. Nb5 Nc8 43. Bd2 a4 44. Bf4
Kf6 45. Bxd6 Nxd6 46. Nxd6 a3 47. Kc2 Ke5 48. Nb5 a2 49. Kb2 Kf4 50. d6 Kg3
51. d7 Kxg2 52. d8=Q f4 53. Kxa2 f3 54. Qg5+ Kf1 55. Nd4 f2 56. Kb2 Ke1 57.
Qc1# { Black checkmated } 1-0

[Event "ICC tourney 2487 (120 10)"]
[Site "Internet Chess Club"]
[Date "2021.04.02"]
[Round "2"]
[White "MAKODE, ATHARVA:atharvamchess"]
[Black "LI, BOYANG:McTiger"]
[Result "0-1"]
[ICCResult "White resigns"]
[WhiteElo "1498"]
[BlackElo "1361"]
[Opening "Queen's pawn, Mason variation, Steinitz counter-gambit"]
[ECO "D00"]
[NIC "QP.08"]
[Time "16:16:13"]
[PlyCount "70"]
[TimeControl "7200+10"]

1. d4 d5 2. Bf4 c5 3. c3 e6 4. e3 Nf6 5. Nd2 Bd6 6. Bg3 O-O 7. Ngf3 b6 8.
Bd3 Bb7 9. O-O Bxg3 10. hxg3 Nbd7 11. a4 Qc7 12. Re1 Rfe8 13. e4 dxe4 14.
Nxe4 Nxe4 15. Bxe4 Bxe4 16. Rxe4 Nf6 17. Re1 Rad8 18. Qb3 cxd4 19. Nxd4 g6
20. Rad1 h5 21. Nb5 Qc5 22. Nxa7 Ng4 23. Qc2 h4 24. gxh4 Qc7 25. Rxd8 Qh2+
26. Kf1 Rxd8 27. Nc6 Rd6 28. Nb4 Qh1+ 29. Ke2 Qxg2 30. Nd3 e5 31. Kd2 e4
32. Kc1 exd3 33. Qd2 Nxf2 34. Qh6 d2+ 35. Kc2 dxe1=Q { White resigns } 0-1

[Event "ICC tourney 2487 (120 10)"]
[Site "Internet Chess Club"]
[Date "2021.04.02"]
[Round "2"]
[White "DANIELS, QUINTON:QuintonDaniels"]
[Black "GARCIA, CARLOS:cayo89"]
[Result "0-1"]
[ICCResult "White resigns"]
[WhiteElo "1430"]
[BlackElo "1499"]
[Opening "Old Indian: Ukrainian variation"]
[ECO "A53"]
[NIC "OI.04"]
[Time "16:16:30"]
[PlyCount "109"]
[TimeControl "7200+10"]

1. d4 d6 2. c4 Nf6 3. Nc3 e5 4. dxe5 dxe5 5. Qxd8+ Kxd8 6. Bg5 c6 7. Rd1+
Kc7 8. Bxf6 gxf6 9. e3 Be6 10. Nf3 Nd7 11. Be2 Bb4 12. Kd2 Nb6 13. b3 Bf5
14. Rc1 Rad8+ 15. Ke1 Rd7 16. Nh4 Be6 17. f4 exf4 18. exf4 f5 19. g4 f6 20.
gxf5 Bf7 21. Kf2 Bc5+ 22. Kg3 Rg8+ 23. Kh3 Be3 24. Rcd1 Bxf4 25. Ne4 Be5
26. Nf3 Re7 27. Rhg1 Rxg1 28. Rxg1 Bxh2 29. Rg7 Rxe4 30. Rxf7+ Nd7 31. Nxh2
Rxe2 32. Ng4 Rxa2 33. Nxf6 Rd2 34. Rxh7 Kd8 35. Rxd7+ Rxd7 36. Nxd7 Kxd7
37. Kg4 Ke7 38. Kf4 Kf6 39. Ke4 b6 40. b4 a6 41. b5 cxb5 42. cxb5 a5 43.
Kd5 Kxf5 44. Kc6 a4 45. Kxb6 a3 46. Kc7 a2 47. b6 a1=Q 48. b7 Qc3+ 49. Kb6
Qb4+ 50. Kc7 Qc5+ 51. Kd8 Qb6+ 52. Kc8 Qc6+ 53. Kb8 Ke6 54. Ka7 Qc7 55. Ka8
{ White resigns } 0-1

[Event "ICC tourney 2487 (120 10)"]
[Site "Internet Chess Club"]
[Date "2021.04.02"]
[Round "2"]
[White "KUNAPULI, SIDDARTH SRIADITYA:siddarth1"]
[Black "CHUDNOVSKY, MICHELLE:ChunkyApple"]
[Result "1/2-1/2"]
[ICCResult "Game drawn by mutual agreement"]
[WhiteElo "1510"]
[BlackElo "1351"]
[Opening "Petrov: Nimzovich attack"]
[ECO "C42"]
[NIC "RG.03"]
[Time "16:16:16"]
[PlyCount "82"]
[TimeControl "7200+10"]

1. e4 e5 2. Nf3 Nf6 3. Nxe5 d6 4. Nf3 Nxe4 5. Nc3 Nxc3 6. dxc3 Bg4 7. h3
Bh5 8. Bc4 Nc6 9. O-O Be7 10. Qd5 Bg6 11. Bb5 Qd7 12. Nd4 O-O 13. Nxc6 bxc6
14. Bxc6 Qc8 15. Bxa8 Qxa8 16. Qxa8 Rxa8 17. Re1 Bf6 18. Be3 Bxc2 19. Rac1
Bg6 20. a3 h6 21. b4 a5 22. b5 a4 23. c4 Bb2 24. Rcd1 Bxa3 25. Bc1 Bc5 26.
Bb2 a3 27. Ba1 a2 28. Re7 Bb6 29. g4 Ra4 30. Re2 Ba5 31. h4 Bb1 32. Rc1 Kf8
33. c5 Rxg4+ 34. Kh2 Rxh4+ 35. Kg3 Re4 36. Rxe4 Bxe4 37. cxd6 cxd6 38. Rc8+
Ke7 39. Rc4 Bd5 40. Ra4 Bc7 41. Bxg7 f6 { Game drawn by mutual agreement }
1/2-1/2